Cogmind - Beta 13 @@@ ROGUE MODE // 2024.04.27 @ 18:30:14 Player: sckl Result: Self-destructed Performance ------------- Evolutions (8) 4000 Regions Visited (12) 2400 Robots Destroyed (50) 250 Value Destroyed (992) 992 Prototype IDs (9) 180 Alien Tech Used (0) 0 Bonus (-253) -253 TOTAL SCORE: 7569 Bonus ------- High Alert Combat Kills 11 Friendly Fire -264 Cogmind --------- Core Integrity 1314/1450 Matter 30/300 Energy 0/100 System Corruption 1% Temperature Cool (4) Movement Flying (42) Location -2/Research Parts ------- > --- POWER (2) -------- (None) > --- PROPULSION (6) --- Impulse Thruster Array Impulse Thruster Array > --- UTILITY (13) ----- Makeshift Trap Scanner Enhanced Optical Array Improved Signal Interpreter Advanced Terrain Scanner Advanced Terrain Scan Processor Transmission Jammer Phase Shifter Improved Utility Shielding Hacking Suite System Shield Advanced System Shield Advanced Recalibrator > --- WEAPON (2) ------- Linear Accelerator > --- INVENTORY (5) ---- Enhanced Fission Core Improved VTOL Module Field Propulsion Drive Heavy Missile Launcher Peak State ------------ > --- POWER ------------ Enhanced Fission Core Light Antimatter Reactor > --- PROPULSION ------- Xenon Bombardment Thruster Xenon Bombardment Thruster Nuclear Pulse Array Impulse Thruster Array > --- UTILITY ---------- Makeshift Trap Scanner Enhanced Optical Array Improved Sensor Array Improved Signal Interpreter Advanced Terrain Scanner Advanced Terrain Scan Processor Transmission Jammer Phase Shifter Experimental Thermal Defense Suite Hacking Suite System Shield Advanced System Shield Advanced Recalibrator > --- WEAPON ----------- Linear Accelerator > --- INVENTORY -------- Enhanced Fission Core Improved VTOL Module Field Propulsion Drive Heavy Missile Launcher [Rating: 124] Favorites ----------- Power Heavy Ion Engine Engine Heavy Ion Engine Power Core Light Nuclear Core Reactor Light Antimatter Reactor Propulsion Aluminum Leg Treads Light Treads Leg Aluminum Leg Flight Unit Xenon Bombardment Thruster Utility Improved Terrain Scanner Device Improved Terrain Scanner Storage Large Storage Unit Processor Advanced Visual Processing Unit Hackware System Shield Protection Improved Propulsion Shielding Weapon Particle Cannon Energy Cannon Particle Cannon Ballistic Gun Improved Assault Rifle Ballistic Cannon Linear Accelerator Launcher Rocket Launcher Slashing Weapon Greatsword Build | -11 -10 -9 -9 -8 -7 -6 -5 -4 -4 -4 -3 -2 ------- Run | Yrd Mat Mat Min Mat Fac Fac Fac Fac Upp Upp Res Res Slots Evolved 16 | . . 2 . 2 2 2 2 2 . . 2 2 Power 1 | . . . . . . . . . . . 1 . Propulsion 4 | . . 1 . 1 . . 1 . . . . 1 Utility 11 | . . 1 . 1 2 2 1 2 . . 1 1 Weapon . | . . . . . . . . . . . . . Parts Attached 100 | 7 10 18 1 6 18 4 4 5 2 . 7 18 Power 20 | 1 1 3 . 1 3 1 1 3 . . 2 4 Engine 6 | 1 . 3 . . 1 1 . . . . . . Core 8 | . 1 . . 1 2 . 1 1 . . 2 . Reactor 6 | . . . . . . . . 2 . . . 4 Propulsion 32 | 2 5 7 . 3 8 . 3 . . . 1 3 Treads 1 | . . 1 . . . . . . . . . . Leg 15 | 2 4 6 . 3 . . . . . . . . Wheel . | . . . . . . . . . . . . . Hover . | . . . . . . . . . . . . . Flight 16 | . 1 . . . 8 . 3 . . . 1 3 Utility 28 | 2 2 3 . 1 6 3 . 2 1 . 4 4 Device 15 | 1 1 2 . 1 3 1 . 2 1 . 1 2 Storage 2 | 1 1 . . . . . . . . . . . Processor 5 | . . 1 . . 2 1 . . . . . 1 Hackware 4 | . . . . . 1 . . . . . 3 . Protection 2 | . . . . . . 1 . . . . . 1 Artifact . | . . . . . . . . . . . . . Weapon 20 | 2 2 5 1 1 1 . . . 1 . . 7 Energy Gun . | . . . . . . . . . . . . . Energy Cannon 2 | . . 1 . . . . . . . . . 1 Ballistic Gun 8 | 2 2 3 . 1 . . . . . . . . Ballistic Cannon 6 | . . . . . . . . . . . . 6 Launcher 3 | . . 1 1 . . . . . 1 . . . Special Weapon . | . . . . . . . . . . . . . Impact Weapon . | . . . . . . . . . . . . . Slashing Weapon 1 | . . . . . 1 . . . . . . . Piercing Weapon . | . . . . . . . . . . . . . Special Melee Weapon . | . . . . . . . . . . . . . Unidentified Prototypes 9 | . 1 2 . 1 1 1 1 . . . . 2 Parts Lost 16 | . 1 3 . 1 3 . . 2 . . . 6 Power 2 | . . . . . . . . . . . . 2 Propulsion 8 | . . 3 . 1 2 . . . . . . 2 Utility 4 | . 1 . . . . . . 1 . . . 2 Weapon 2 | . . . . . 1 . . 1 . . . . Highest Loss Streak 5 | . 1 1 . 1 2 . . 2 . . . 5 To Critical Strikes . | . . . . . . . . . . . . . Average Slot Usage (%) 88 | . 99 92 100 88 93 93 83 72 74 78 77 78 Engine 4 | . 4 9 11 6 1 6 2 . . . . . Core 2 | . 9 1 . 2 5 . 2 4 . . 3 2 Treads 1 | . . . 11 1 . . . . . . . . Leg 15 | . 28 28 22 32 1 . . . . . . . Flight 10 | . . . . . 26 26 24 21 21 21 14 15 Device 14 | . 13 11 11 9 15 20 17 15 16 21 21 23 Storage 5 | . 14 11 11 9 . . . . . . . . Processor 11 | . . 7 11 9 20 20 17 15 15 15 14 13 Hackware 3 | . . . . . 6 6 5 5 5 5 11 13 Protection 1 | . . . . . . 6 5 5 5 5 4 2 Energy Cannon 4 | . . 6 11 9 5 . . . . . . . Ballistic Gun 6 | . 28 14 . 9 4 . . . . . . . Launcher 2 | . . 1 11 . . . . . 5 5 . . Naked Turns . | . . . . . . . . . . . . . Heaviest Build 44 | 14 29 36 37 43 40 22 23 24 29 29 36 44 Greatest Support 44 | 20 20 30 20 40 40 23 31 31 31 31 36 44 Greatest Overweight (x) 3 | 3 2 2 1 2 . . . . . . . 1 Average Overweight (x) . | . . . 1 . . . . . . . . . Largest Inventory Capacity 15 | 8 15 15 15 15 15 5 5 5 5 5 5 5 Average Capacity 9 | 7 10 15 15 15 5 5 5 5 5 5 5 5 Most Carried 15 | 7 12 15 14 15 15 5 5 5 4 4 5 5 Average Carried 8 | 5 8 11 13 14 5 3 4 5 4 4 4 4 Final Capacity 15 | 8 15 15 15 15 5 5 5 5 5 5 5 5 Final Carried 15 | 7 12 12 14 15 5 4 5 5 4 4 5 4 Class Distribution -------------------- 30% | Mutant 24% | Scavenger-Mutant 19% | Scout 12% | Ninja 12% | Hacker-Scout Dominant Class ---------------- Mutant | -10/Materials Mutant | -9/Materials Mutant | -9/Mines Scavenger-Mutant | -8/Materials Scout | -7/Factory Ninja | -6/Factory Ninja | -5/Factory Scout | -4/Factory Scout | -4/Upper Caves Scout | -4/Upper Caves Hacker-Scout | -3/Research Hacker-Scout | -2/Research Resources | -11 -10 -9 -9 -8 -7 -6 -5 -4 -4 -4 -3 -2 ----------- Run | Yrd Mat Mat Min Mat Fac Fac Fac Fac Upp Upp Res Res Matter Collected 1321 | 167 276 337 60 103 158 . 90 . 60 . 70 . Remotely . | . . . . . . . . . . . . . Salvage Created 1583 | 49 336 552 51 115 158 115 207 . . . . . Parts 113 | 7 18 39 11 7 16 3 12 . . . . . Haulers Intercepted 6 | . 1 2 . . 1 1 1 . . . . . Recyclers Shooed . | . . . . . . . . . . . . . Parts Field Recycled . | . . . . . . . . . . . . . Retrieved Matter . | . . . . . . . . . . . . . Parts Self-Destructed . | . . . . . . . . . . . . . Prevented . | . . . . . . . . . . . . . Kills | -11 -10 -9 -9 -8 -7 -6 -5 -4 -4 -4 -3 -2 ------- Run | Yrd Mat Mat Min Mat Fac Fac Fac Fac Upp Upp Res Res Combat Hostiles Destroyed 40 | . 8 16 13 2 1 . . . . . . . Melee 1 | . . . . . 1 . . . . . . . Guns 17 | . 8 8 . 1 . . . . . . . . Cannons 4 | . . 3 . 1 . . . . . . . . AOE 18 | . . 5 13 . . . . . . . . . Classes Destroyed 11 | 1 3 3 2 . 1 . 1 . . . . . Worker 1 | . . . . . . . 1 . . . . . Builder 4 | . . . . . 2 . 2 . . . . . Tunneler 2 | 2 . . . . . . . . . . . . Hauler 6 | . 1 2 . . 1 1 1 . . . . . Operator 1 | . . 1 . . . . . . . . . . Watcher 2 | . . 1 . . . . 1 . . . . . Swarmer 15 | . 3 6 6 . . . . . . . . . Grunt 13 | . 5 7 . 1 . . . . . . . . Sentry 4 | . . 3 . . 1 . . . . . . . Hunter 1 | . . . . 1 . . . . . . . . Assembled 7 | . . . 7 . . . . . . . . . Guerrilla 1 | . . . 1 . . . . . . . . . Best Kill Streak 9 | 1 4 9 6 1 2 1 2 . . . . . Combat Bots Only 7 | . 4 7 6 1 1 . . . . . . . Max Kills in Single Turn 4 | 1 1 4 3 1 1 1 1 . . . . . Gunslinging 1 | . . 1 . . . . . . . . . . Exploded 3 | . . 3 3 . . . . . . . . . Melee 1 | . . . . . 1 . . . . . . . Uniques/NPCs Destroyed . | . . . . . . . . . . . . . Combat | -11 -10 -9 -9 -8 -7 -6 -5 -4 -4 -4 -3 -2 -------- Run | Yrd Mat Mat Min Mat Fac Fac Fac Fac Upp Upp Res Res Hostile Shots Fired 261 | . 31 77 4 14 57 . 4 . . 16 . 58 Missed 108 | . 6 20 2 3 34 . 3 . . 10 . 30 Damage Taken 2555 | . 265 560 17 220 394 . 18 250 . 104 . 727 Core 450 | . 31 86 10 . 71 . 18 84 . 14 . 136 Absorbed by Shields 9 | . . . . . 9 . . . . . . . Redirected to Shielding 169 | . . . . . . . . 45 . 21 . 103 Regen/Repaired (Parts) 18 | . . . . 18 . . . . . . . . Core Remaining (%) 93 | 100 87 . 76 100 89 100 98 . . 91 100 . Volleys Fired 93 | 8 21 35 8 5 1 . . . . . . 15 Largest 2 | 2 2 2 1 2 2 . . . . . . 1 Hottest 91 | 40 40 91 33 91 91 . . . . . . 66 Shots Fired 161 | 16 42 68 8 10 2 . . . . . . 15 Gun 120 | 16 42 56 . 5 1 . . . . . . . Cannon 31 | . . 10 . 5 1 . . . . . . 15 Launcher 10 | . . 2 8 . . . . . . . . . Special . | . . . . . . . . . . . . . Kinetic 135 | 16 42 56 . 5 1 . . . . . . 15 Thermal 16 | . . 10 . 5 1 . . . . . . . Explosive 10 | . . 2 8 . . . . . . . . . Electromagnetic . | . . . . . . . . . . . . . Robot Hit Streak 13 | 4 13 6 1 6 1 . . . . . . . Robot Miss Streak 3 | 3 1 3 2 1 1 . . . . . . . Penetration Max . | . . . . . . . . . . . . . Secondary Targets 2 | . . 2 . . . . . . . . . . Max Gunslinging Chain 1 | . . 1 . . . . . . . . . . Shots Hit Robots 107 | 9 34 40 3 8 5 2 6 . . . . . Core Hits 86 | 4 17 30 25 4 3 1 2 . . . . . Critical Kills . | . . . . . . . . . . . . . Critical Parts Destroyed 1 | . . 1 . . . . . . . . . . Critical Strikes 2 | . . 1 . . . 1 . . . . . . Destroy 1 | . . 1 . . . . . . . . . . Sever 1 | . . . . . . 1 . . . . . . Melee Attacks 19 | . . . . . 5 2 12 . . . . . Impact . | . . . . . . . . . . . . . Slashing 19 | . . . . . 5 2 12 . . . . . Piercing . | . . . . . . . . . . . . . Sneak Attacks 9 | . . . . . 3 1 5 . . . . . Combat Hostiles . | . . . . . . . . . . . . . Follow-up Attacks . | . . . . . . . . . . . . . Damage Inflicted 3631 | 97 344 901 943 138 401 194 613 . . . . . Guns 830 | 97 342 322 . 52 17 . . . . . . . Cannons 226 | . . 145 . 81 . . . . . . . . Explosions 1363 | . . 420 943 . . . . . . . . . Melee 1191 | . . . . . 384 194 613 . . . . . Ramming 21 | . 2 14 . 5 . . . . . . . . Kinetic 830 | 97 342 322 . 52 17 . . . . . . . Thermal 226 | . . 145 . 81 . . . . . . . . Explosive 1363 | . . 420 943 . . . . . . . . . Electromagnetic . | . . . . . . . . . . . . . Impact . | . . . . . . . . . . . . . Slashing 1191 | . . . . . 384 194 613 . . . . . Piercing . | . . . . . . . . . . . . . Highest Corruption 5 | . 5 . . . 3 . . . . . . 1 Average Corruption 4 | . 4 . . . 2 . . . . . . 1 Corruption Purged . | . . . . . . . . . . . . . Corruption Blocked . | . . . . . . . . . . . . . Effects 12 | . 10 . . . 2 . . . . . . . Message Errors 1 | . 1 . . . . . . . . . . . Matter Fused 6 | . 6 . . . . . . . . . . . Heat Flow Errors 2 | . . . . . 2 . . . . . . . Energy Discharges 1 | . 1 . . . . . . . . . . . Data Loss (minor) 2 | . 2 . . . . . . . . . . . Overload Shots . | . . . . . . . . . . . . . Overflow Damage 418 | . . . 53 . 101 . 264 . . . . . Projectiles . | . . . . . . . . . . . . . Explosions 53 | . . . 53 . . . . . . . . . Melee 365 | . . . . . 101 . 264 . . . . . Knockbacks 1 | . . 1 . . . . . . . . . . Impact 1 | . . 1 . . . . . . . . . . Kinetic . | . . . . . . . . . . . . . Secondary . | . . . . . . . . . . . . . Self-Inflicted Damage . | . . . . . . . . . . . . . Shots . | . . . . . . . . . . . . . Rammed . | . . . . . . . . . . . . . Targets Rammed 6 | . 1 4 . 1 . . . . . . . . Kicked 6 | . 1 4 . 1 . . . . . . . . Crushed . | . . . . . . . . . . . . . Highest Temperature 248 | . 18 90 . 90 248 . . 8 . 31 . 70 Average Temperature 33 | . 6 28 . 34 86 . . 8 . 16 . 27 Received Heat Transfer 445 | . 96 120 . 63 48 . 9 . . 46 . 63 Siege Activations . | . . . . . . . . . . . . . Robots Corrupted . | . . . . . . . . . . . . . Combat Hostiles . | . . . . . . . . . . . . . Parts Fried . | . . . . . . . . . . . . . Impact Corruptions . | . . . . . . . . . . . . . Robots Melted . | . . . . . . . . . . . . . Combat Hostiles . | . . . . . . . . . . . . . Parts Melted 1 | . . 1 . . . . . . . . . . Heat Transferred 407 | . . 259 . 148 . . . . . . . . Parts Sabotaged . | . . . . . . . . . . . . . Parts Stolen . | . . . . . . . . . . . . . Parts Stripped . | . . . . . . . . . . . . . Power Chain Reactions . | . . . . . . . . . . . . . Alert | -11 -10 -9 -9 -8 -7 -6 -5 -4 -4 -4 -3 -2 ------- Run | Yrd Mat Mat Min Mat Fac Fac Fac Fac Upp Upp Res Res Peak Influence 413 | 10 126 413 308 94 290 126 232 32 . . 75 282 Initial 123 | . 6 46 123 41 20 119 61 17 . . 30 42 Average 113 | 3 62 238 168 36 101 119 127 26 . . 67 123 Maximum Alert Level 2 | . . 2 1 . 1 . 1 . . . . 1 Low Security (%) 76 | 100 100 26 51 100 78 100 81 100 . . 100 73 Level 1 23 | . . 73 48 . 21 . 18 . . . . 26 Level 2 . | . . . . . . . . . . . . . Level 3 . | . . . . . . . . . . . . . Level 4 . | . . . . . . . . . . . . . Level 5 . | . . . . . . . . . . . . . High Security . | . . . . . . . . . . . . . Max Security . | . . . . . . . . . . . . . Squads Dispatched 15 | . 1 1 . 3 4 1 . . . 1 1 3 Investigation 1 | . . . . 1 . . . . . . . . Extermination 2 | . . . . . 1 . . . . . . 1 Reinforcement 11 | . 1 1 . 2 3 1 . . . . 1 2 Assault 1 | . . . . . . . . . . 1 . . Garrison . | . . . . . . . . . . . . . Intercept . | . . . . . . . . . . . . . Searches Triggered . | . . . . . . . . . . . . . Construction Impeded . | . . . . . . . . . . . . . Haulers Reinforced 1 | . . . . . . 1 . . . . . . Active Scanning Responses . | . . . . . . . . . . . . . Cargo Convoy Interrupts . | . . . . . . . . . . . . . Stealth | -11 -10 -9 -9 -8 -7 -6 -5 -4 -4 -4 -3 -2 --------- Run | Yrd Mat Mat Min Mat Fac Fac Fac Fac Upp Upp Res Res Distress Signals 5 | . . 1 . 2 . . 1 . . . . 1 Communications Jammed 17 | . . . . . . . . . . . . 17 Distress Signals 17 | . . . . . . . . . . . . 17 Times Spotted 129 | . 10 25 11 16 25 . 6 1 . 11 2 22 Peak Tracking Total 11 | . 4 6 6 3 9 . 4 1 . 11 1 11 Tactical Retreats 20 | . . 1 2 1 6 . 4 . . 2 . 4 Traps | -11 -10 -9 -9 -8 -7 -6 -5 -4 -4 -4 -3 -2 ------- Run | Yrd Mat Mat Min Mat Fac Fac Fac Fac Upp Upp Res Res Traps Triggered 7 | . 3 . . . 1 . 1 1 . . . 1 Indirectly . | . . . . . . . . . . . . . Trap Hack Attempts . | . . . . . . . . . . . . . Triggered . | . . . . . . . . . . . . . Disarmed . | . . . . . . . . . . . . . Reprogrammed . | . . . . . . . . . . . . . Reused . | . . . . . . . . . . . . . Traps Extracted . | . . . . . . . . . . . . . Installed . | . . . . . . . . . . . . . Triggered . | . . . . . . . . . . . . . Machines | -11 -10 -9 -9 -8 -7 -6 -5 -4 -4 -4 -3 -2 ---------- Run | Yrd Mat Mat Min Mat Fac Fac Fac Fac Upp Upp Res Res Machines Disabled . | . . . . . . . . . . . . . Max in Single Turn . | . . . . . . . . . . . . . Machines Repaired . | . . . . . . . . . . . . . Machines Dismantled . | . . . . . . . . . . . . . Machines Sabotaged . | . . . . . . . . . . . . . Overloaded Fab Kills . | . . . . . . . . . . . . . Hacking | -11 -10 -9 -9 -8 -7 -6 -5 -4 -4 -4 -3 -2 --------- Run | Yrd Mat Mat Min Mat Fac Fac Fac Fac Upp Upp Res Res Machines Accessed 7 | . . . 1 1 1 . 1 . . . 1 2 Terminals 5 | . . . . . 1 . 1 . . . 1 2 Fabricators . | . . . . . . . . . . . . . Repair Stations 1 | . . . . 1 . . . . . . . . Recycling Units . | . . . . . . . . . . . . . Scanalyzers . | . . . . . . . . . . . . . Garrison Access . | . . . . . . . . . . . . . Total Hacks 12 | . . . 1 3 1 . 1 . . . 2 4 Successful 5 | . . . 1 2 . . . . . . . 2 Failed 7 | . . . . 1 1 . 1 . . . 2 2 Catastrophic 4 | . . . . . 1 . 1 . . . 1 1 Database Lockouts . | . . . . . . . . . . . . . Manual 5 | . . . . . 1 . 1 . . . 1 2 Terminals 8 | . . . . . 1 . 1 . . . 2 4 Fabricators . | . . . . . . . . . . . . . Repair Stations 3 | . . . . 3 . . . . . . . . Recycling Units . | . . . . . . . . . . . . . Scanalyzers . | . . . . . . . . . . . . . Garrison Access . | . . . . . . . . . . . . . Terminal Hacks 3 | . . . 1 . . . . . . . . 2 Open Door 1 | . . . 1 . . . . . . . . . Branch Access Points 1 | . . . . . . . . . . . . 1 Hauler Manifests 1 | . . . . . . . . . . . . 1 Fabricator Hacks . | . . . . . . . . . . . . . Repair Station Hacks 2 | . . . . 2 . . . . . . . . Scan Component 1 | . . . . 1 . . . . . . . . Repair 1 | . . . . 1 . . . . . . . . Recycling Unit Hacks . | . . . . . . . . . . . . . Scanalyzer . | . . . . . . . . . . . . . Garrison Access Hacks . | . . . . . . . . . . . . . Unauthorized Hacks . | . . . . . . . . . . . . . Terminals . | . . . . . . . . . . . . . Fabricators . | . . . . . . . . . . . . . Repair Stations . | . . . . . . . . . . . . . Recycling Units . | . . . . . . . . . . . . . Scanalyzers . | . . . . . . . . . . . . . Garrison Access . | . . . . . . . . . . . . . Data Cores Recovered 1 | . . . . 1 . . . . . . . . Used . | . . . . . . . . . . . . . Hacking Detections 4 | . . . . 1 1 . . . . . 1 1 Full Trace Events 1 | . . . . 1 . . . . . . . . Feedback Events . | . . . . . . . . . . . . . Feedback Blocked . | . . . . . . . . . . . . . Robot Schematics Acquired . | . . . . . . . . . . . . . Robots Built . | . . . . . . . . . . . . . Authchips . | . . . . . . . . . . . . . Time . | . . . . . . . . . . . . . Total Robot Build Rating . | . . . . . . . . . . . . . Part Schematics Acquired . | . . . . . . . . . . . . . Parts Built . | . . . . . . . . . . . . . Authchips . | . . . . . . . . . . . . . Time . | . . . . . . . . . . . . . Total Part Build Rating . | . . . . . . . . . . . . . Parts Repaired 1 | . . . . 1 . . . . . . . . Time 44 | . . . . 44 . . . . . . . . Parts Recycled . | . . . . . . . . . . . . . Recycled Matter . | . . . . . . . . . . . . . Retrieved Matter . | . . . . . . . . . . . . . Retrieved Components . | . . . . . . . . . . . . . Parts Scanalyzed . | . . . . . . . . . . . . . Part Schematics Acquired . | . . . . . . . . . . . . . Parts Damaged . | . . . . . . . . . . . . . Bothacking | -11 -10 -9 -9 -8 -7 -6 -5 -4 -4 -4 -3 -2 ------------ Run | Yrd Mat Mat Min Mat Fac Fac Fac Fac Upp Upp Res Res Used RIF Installer . | . . . . . . . . . . . . . Robots Hacked . | . . . . . . . . . . . . . Non-combat . | . . . . . . . . . . . . . Combat . | . . . . . . . . . . . . . Robot Hacks Applied . | . . . . . . . . . . . . . Relay Couplers Released . | . . . . . . . . . . . . . Fabnet Peak Effective % . | . . . . . . . . . . . . . Robots Rewired . | . . . . . . . . . . . . . Allies Hacked . | . . . . . . . . . . . . . Hacks Repelled . | . . . . . . . . . . . . . Allies | -11 -10 -9 -9 -8 -7 -6 -5 -4 -4 -4 -3 -2 -------- Run | Yrd Mat Mat Min Mat Fac Fac Fac Fac Upp Upp Res Res Total Allies . | . . . . . . . . . . . . . Largest Group . | . . . . . . . . . . . . . Highest-Rated Group . | . . . . . . . . . . . . . Highest-Rated Ally . | . . . . . . . . . . . . . Total Orders . | . . . . . . . . . . . . . Ally Attacks 16 | . . . . 16 . . . . . . . . Total Damage . | . . . . . . . . . . . . . Kills . | . . . . . . . . . . . . . Allies Corrupted . | . . . . . . . . . . . . . Allies Melted . | . . . . . . . . . . . . . Intel | -11 -10 -9 -9 -8 -7 -6 -5 -4 -4 -4 -3 -2 ------- Run | Yrd Mat Mat Min Mat Fac Fac Fac Fac Upp Upp Res Res Robot Analysis Total . | . . . . . . . . . . . . . Derelict Logs Recovered 4 | . . . 1 . . . . . 2 1 . . Drone Launches 16 | . . . . 16 . . . . . . . . Drone Recoveries . | . . . . . . . . . . . . . Exploration | -11 -10 -9 -9 -8 -7 -6 -5 -4 -4 -4 -3 -2 ------------- Run | Yrd Mat Mat Min Mat Fac Fac Fac Fac Upp Upp Res Res Turns Passed 5526 | 152 571 703 745 855 558 129 548 100 430 27 320 388 Spaces Moved 7694 | 93 329 312 383 442 1555 399 1377 281 1171 87 496 769 Core 11 | 11 . . . . . . . . . . . . Treads . | . . . . . . . . . . . . . Legs 1566 | 82 328 312 383 442 19 . . . . . . . Wheels . | . . . . . . . . . . . . . Hover . | . . . . . . . . . . . . . Flight 6117 | . 1 . . . 1536 399 1377 281 1171 87 496 769 Fastest Speed 27 | 50 120 120 190 120 28 29 27 31 31 31 31 32 Average Speed 58 | 120 141 170 190 170 31 29 29 31 31 31 35 34 Slowest Speed 260 | 200 190 260 190 260 120 29 31 31 31 31 37 115 Overloaded Moves . | . . . . . . . . . . . . . Propulsion Burnouts . | . . . . . . . . . . . . . Robots Hopped 15 | . . . . . 5 . . 1 1 . 2 6 Cave-ins Triggered . | . . . . . . . . . . . . . Exploration Rate (%) 31 | 5 33 32 68 46 27 9 33 10 95 21 12 15 Regions Visited 12 Branch Regions 3 Pre-discovered Areas . | . . . . . . . . . . . . . Known Exits Taken 7 | . . . . . 1 1 1 1 1 1 1 . Unknown Exits Taken 5 | 1 1 1 1 1 . . . . . . . . Scrap Searched 5 | . . . 1 . . . . . 3 1 . . Spaces Dug 34 | . . . 13 . 1 . 6 . . . . 14 Terrain Destroyed 109 | . . 12 76 . 1 . 6 . . . . 14 Melee 7 | . . . . . 1 . 6 . . . . . Projectile 14 | . . . . . . . . . . . . 14 AOE 88 | . . 12 76 . . . . . . . . . Terrain Rammed . | . . . . . . . . . . . . . Walls Destroyed . | . . . . . . . . . . . . . Machines Disabled . | . . . . . . . . . . . . . Actions | -11 -10 -9 -9 -8 -7 -6 -5 -4 -4 -4 -3 -2 --------- Run | Yrd Mat Mat Min Mat Fac Fac Fac Fac Upp Upp Res Res Total 8501 | 115 398 419 392 538 1615 407 1494 291 1235 86 636 875 Wait 486 | . 24 36 . 59 16 . 90 3 64 . 130 64 Move 7653 | 92 328 311 382 441 1545 398 1376 278 1168 86 491 757 Hop 14 | . . . . . 4 . . 1 1 . 2 6 Pick Up 44 | 8 5 5 1 13 4 2 5 . . . 1 . Fast Attach 48 | 6 3 6 . 3 8 . 1 5 1 . 5 10 Attach 22 | 1 . 1 . 2 7 2 1 . 1 . 2 5 Detach 15 | . 1 1 . 2 . . 1 . . . 3 7 Swap 30 | . 7 11 1 1 3 2 2 . . . . 3 Drop 68 | . 8 9 . 11 19 1 6 4 . . 2 8 Fire 93 | 8 21 35 8 5 1 . . . . . . 15 Melee 19 | . . . . . 5 2 12 . . . . . Ram . | . . . . . . . . . . . . . Kick 6 | . 1 4 . 1 . . . . . . . . Crush . | . . . . . . . . . . . . . Escape Stasis 3 | . . . . . 3 . . . . . . . Rewire . | . . . . . . . . . . . . . Trap . | . . . . . . . . . . . . . Miscellaneous . | . . . . . . . . . . . . . Route ------- -11/Scrapyard -10/Materials (discovered 2 exits: *Mat / [*Min]) -9/Materials -9/Mines -8/Materials (discovered 2 exits: *Fac / [*Sto]) -7/Factory -6/Factory -5/Factory -4/Factory (discovered 2 exits: *Res / *Upp) -4/Upper Caves -4/Upper Caves (discovered 2 exits: *Res / War) -3/Research (discovered 2 exits: *Res / Qua) -2/Research (discovered 3 exits: [*Acc] / Tes x2) History --------- Turn | Location | Event 15 | -11/Scrapyard | Discovered new exit (range 16) 153 | -11/Scrapyard | Entered Materials 168 | -10/Materials | Discovered new exit (range 16) 309 | -10/Materials | Build established: Mutant 639 | -10/Materials | Discovered new exit (range 16) 724 | -10/Materials | Entered another Materials area 724 | -9/Materials | Evolved 2 slots: Propulsion x1, Utility x1 947 | -9/Materials | Destroyed 7 combat bots 1035 | -9/Materials | Build established: Scavenger-Mutant 1359 | -9/Materials | Discovered new exit (range 14) 1371 | -9/Materials | Build established: Mutant 1427 | -9/Materials | Entered Mines 1428 | -9/Mines | Assembled infested the area 1433 | -9/Mines | Assisted by a Guerilla fighting off Assembled 1563 | -9/Mines | Discovered new exit (range 11) 1581 | -9/Mines | Found the Drone Emporium 1593 | -9/Mines | Found Prototype Device 1934 | -9/Mines | Learned Materials interactive machine intel 2172 | -9/Mines | Entered Materials 2172 | -8/Materials | Evolved 2 slots: Propulsion x1, Utility x1 2173 | -8/Materials | Loaded intel: 19 interactive machine locations 2186 | -8/Materials | Identified Bomb Drone Bay 2422 | -8/Materials | Discovered new exit (range 11) 2481 | -8/Materials | Lost 4 allies 2618 | -8/Materials | Build established: Scavenger-Mutant 2691 | -8/Materials | Lost 3 allies 2807 | -8/Materials | Repaired Xenon Bombardment Thruster 2895 | -8/Materials | Discovered new exit (range 12) 3027 | -8/Materials | Entered Factory 3027 | -7/Factory | Evolved 2 slots: Utility x2 3212 | -7/Factory | Discovered new exit (range 15) 3368 | -7/Factory | Build established: Scout 3584 | -7/Factory | Identified exit to Factory 3585 | -7/Factory | Entered another Factory area 3585 | -6/Factory | Evolved 2 slots: Utility x2 3651 | -6/Factory | Discovered new exit (range 21) 3672 | -6/Factory | Identified exit to Factory 3714 | -6/Factory | Entered another Factory area 3714 | -5/Factory | Evolved 2 slots: Propulsion x1, Utility x1 3884 | -5/Factory | Build established: Ninja 4202 | -5/Factory | Discovered new exit (range 20) 4262 | -5/Factory | Identified exit to Factory 4262 | -5/Factory | Entered another Factory area 4262 | -4/Factory | Evolved 2 slots: Utility x2 4280 | -4/Factory | Discovered new exit (range 11) 4333 | -4/Factory | Discovered new exit (range 8) 4335 | -4/Factory | Identified exit to Upper Caves 4362 | -4/Factory | Entered Upper Caves 4611 | -4/Upper Caves | Build established: Scout 4628 | -4/Upper Caves | Discovered new exit (range 8) 4630 | -4/Upper Caves | Identified exit to Upper Caves 4659 | -4/Upper Caves | Learned Research emergency access door positions 4667 | -4/Upper Caves | Learned location of 1 exit from Upper Caves 4792 | -4/Upper Caves | Entered another Upper Caves area 4793 | -4/Upper Caves | Identified exit to Warlord 4794 | -4/Upper Caves | Attracted the attention of an 0b10 outpost 4813 | -4/Upper Caves | Discovered new exit (range 19) 4818 | -4/Upper Caves | Learned location of 1 exit from Research 4819 | -4/Upper Caves | Identified exit to Research 4819 | -4/Upper Caves | Entered Research 4819 | -3/Research | Evolved 2 slots: Power x1, Utility x1 4820 | -3/Research | Identified exit to Quarantine 4952 | -3/Research | Spotted B-86 Titan 5122 | -3/Research | Discovered new exit (range 21) 5133 | -3/Research | Identified exit to Research 5139 | -3/Research | Entered another Research area 5139 | -2/Research | Evolved 2 slots: Propulsion x1, Utility x1 5170 | -2/Research | Build established: Hacker-Scout 5212 | -2/Research | Spotted B-90 Cyclops 5235 | -2/Research | Identified exit to Testing 5260 | -2/Research | Found Prototype Device 5260 | -2/Research | Identified Exp. Thermal Defense Suite 5452 | -2/Research | Discovered new exit (range 5) 5524 | -2/Research | Lost 5 parts (2p2n1u) 5527 | -2/Research | Self-destructed Last Messages --------------- 05436_ U-05 Engineer builds a Wall. 05440_ Connecting with Terminal... 05447_ Imp. Sensor Array destroyed. 05452_ EXIT=FOUND 05453_ Penetrated by Slug. 05453_ Slug penetrates Wall. 05458_ O-24 Administrator: "IFF HANDSHAKE FAILED. SECURING TERMINAL." 05459_ Mic. Antimatter Reactor destroyed. 05462_ O-24 Administrator uses terminal to summon reinforcements. 05462_ ALERT: Hostiles spotted, dispatching reinforcements to Terminal R003. 05462_ O-24 Administrator locks terminal. 05462_ Xenon Bombardment Thruster destroyed. 05465_ P-80 Master resets A-15 Conveyor, system corruption cleaned. 05470_ Lgt. Antimatter Reactor destroyed. 05492_ Penetrated by Slug. 05493_ O-24 Administrator destroyed. 05493_ Xenon Bombardment Thruster destroyed. 05495_ Terminal disabled. 05502_ U-05 Engineer builds a Wall. 05509_ P-80 Master resets P-80 Master, system corruption cleaned. Map ----- +----------------------------------------------------+ | #????????#????#?##??#####?##?#### | | #?#???###?####???###??##?#??##### | | ????????#?##?#?##??####?###??#??# | | ????#?#?###??#?####?##?#?######## | | ????#??##?######################### | | #?##?#??### # # | | #???####### # # ^ | | #??#?#?#### """ # """ # | | ??######### """" !# """ !# ^ | | #??# # """" # """ # ^ | | ##?# " """ # """ # | | #### # # """ ######## | | ##?#! # # """ ###?#?## | | #### # # """ ####?### | | ?#?# ! #####+#### ######## | | ########+### ## ######## | | # + #######+######### | | # # ##### | | #"" # = # ! | | #"" ] [# # | | #"" # # "" | | #T # !!! # "" | | #"" + !!! # "" | | #"" # !! # | | #"" ###/################# # | | # # @ ########## ## # "" | | # # ! [ ###! # # "" | | # # ### !# # "" | | # [ # ### # # | | ######## ###= + # | | ## ######+######## ] # ##### | | ##?###?## ######^ # | | ## #?#### + " # | | ????##### ###### " # | | ## ####?# ######## ###### """ | | ######### ############ ### """ | | # = # ############### """ | | # ! # " ###### ! # """ | | # + "T ###### # """ | | # ! # ###### """ # """ | | # * # ###### """ * # | | # = ! ### ######## """ # | | ########## ######## """ # | | ##?####### ######## """ # | | ##?# + # | | #### #####+## # # | | ?### # # #####+#### | | #### # # ^ | | ???# # # ^^ | | ##?# # # ^ | +----------------------------------------------------+ Best States ------------- Heat Dissipation 49 Energy Generation 41 Energy Capacity 500 Matter Stores 300 Matter Capacity 300 Sight Range 22 Robot Scan Range 15 Terrain Scan Range 20 Terrain Scan Density 210 Jamming Range 12 Resistance: TH 30 Propulsion Shielding 66 Utility Shielding 66 Phase Shifting 5 Evasion (%) 68 Offensive Hacking 10 Defensive Hacking 24 Item Schematics ----------------- None Robot Schematics ------------------ None Fabricated ------------ Nothing Alien Tech Used ----------------- None Achievements -------------- Backstab Dangerous Findings I Survived The Infestation No Signal Omniscient Cartographer Release The Drones! Respectable Loadout Shopping List Total Silence Challenges ------------ None Game ------ Seed FieldPointyStabilizer Manual? 0 Play Time 02:30:14 Cumulative 9.8 hours Start 2024.04.10 @ 11:57:09 End 2024.04.27 @ 18:30:14 Sessions 7 Manual Loads 0 Difficulty Rogue Special Mode None Game No. 7 Rogue 7 Adventurer 0 Explorer 0 Win Type - Total 0 Types 0/0/0/0/0/0/0/0/0 Lore% 4 Gallery% 14 Achievement% 14 Wizard Run 0 Options --------- Layout 0 ASCII 0 Keyboard 1 Movement Arrows Keybinds 0 Fullscreen 1 Font 24/Smallcaps Map View 113x50 Zoom Use 0% Tactical HUD 1 Map Filters NONE Filters NONE Steam 1 RUN: 8455f654-dd2d-499e-9d3a-25d0a4ae43e3